 Dungeon Crawl Stone Soup version 0.19.0 (webtiles) character file.

210 Franakus the Sneak (level 5, -1/35 HPs)
             Began as an Octopode Assassin on Nov 1, 2016.
             Slain by a hungry ghost (4 damage)
             ... on level 3 of the Dungeon.
             The game lasted 00:31:34 (2847 turns).

Franakus the Sneak (Octopode Assassin)              Turns: 2847, Time: 00:31:34

Health: -1/35      AC:  1    Str: 10    XL:     5   Next: 88%
Magic:  3/5        EV: 13    Int: 15    God:
Gold:   139        SH:  0    Dex: 13    Spells: 1 memorised, 2 levels left

rFire  + . .     SeeInvis .     a - +2 dagger
rCold  . . .     Gourm    .     (no shield)
rNeg   . . .     Faith    .     (helmet restricted)
rPois  .         Spirit   .     (no amulet)
rElec  .         Reflect  .     h - ring of protection from fire
rCorr  .         Harm     .     (no ring)
MR     .....                    (no ring)
Stlth  +++++.....               (no ring)
                                (no ring)
                                (no ring)
                                (no ring)
                                (no ring)

@: no status effects
A: almost no armour, stealthy swim, amphibious, 8 rings, constrict 8, camouflage
1, gelatinous body 1
a: no special abilities


You were on level 3 of the Dungeon.
You were hungry.

You visited 1 branch of the dungeon, and saw 3 of its levels.

You collected 139 gold pieces.

Inventory:

Hand Weapons
 a - a +2 dagger (weapon)
 b - a +0 blowgun
 k - a +0 hunting sling
Missiles
 c - 5 poisoned needles
 d - 2 curare-tipped needles
 g - 197 stones (quivered)
 j - 44 arrows
Jewellery
 h - a ring of protection from fire (left tentacle)
Scrolls
 i - a scroll of enchant armour
 m - a scroll of amnesia {unknown}
 r - 5 scrolls of identify {unknown}
 s - a scroll of random uselessness {unknown}
 v - a scroll of remove curse
 w - a scroll of enchant weapon {unknown}
Potions
 e - 2 potions of cancellation
 l - a potion of heal wounds {unknown}
 n - a potion of degeneration {unknown}
 o - a potion of curing
 t - a potion of berserk rage {unknown}
Books
 q - a book of Changes

   Spells                             Type                      Level
   a - Beastly Appendage              Transmutation                1
   b - Sticks to Snakes               Transmutation                2
   c - Spider Form                    Transmutation/Poison         3
   d - Ice Form                       Ice/Transmutation            4
   e - Blade Hands                    Transmutation                5
Comestibles
 f - 3 bread rations
 p - a meat ration
 u - a beef jerky


   Skills:
 + Level 2.5 Fighting
 + Level 2.6 Short Blades
 + Level 3.1 Throwing
 + Level 2.1 Dodging
 + Level 7.5 Stealth
 + Level 0.1 Spellcasting
 + Level 0.2 Transmutations


You had 2 spell levels left.
You knew the following spells:

 Your Spells              Type           Power        Failure   Level  Hunger
a - Sticks to Snakes      Tmut           #.......     38%         2    ###....


Dungeon Overview and Level Annotations

Branches:
Dungeon (3/15)

Altars:
Dithmenos


Innate Abilities, Weirdness & Mutations

You cannot wear most types of armour.
You are very stealthy in the water. (Stealth+)
You are amphibious.
You can wear up to eight rings at the same time.
You can use your tentacles to constrict eight enemies at once.
Your skin changes colour to match your surroundings (Stealth+).
Your rubbery body absorbs attacks. (AC +1, EV +1)


Message History

It was a potion of curing.
You feel better. The hungry ghost hits you.
* * * LOW HITPOINT WARNING * * *
You feel a lot more hungry.
You hit the hungry ghost.
The hungry ghost is severely damaged.
The hungry ghost closely misses you.
You hit the hungry ghost. Your squeeze misses the hungry ghost.
The hungry ghost is severely damaged.
You closely miss the hungry ghost.
The hungry ghost is severely damaged.
The hungry ghost closely misses you.
You miss the hungry ghost.
The hungry ghost is severely damaged.
The hungry ghost hits you.
* * * LOW HITPOINT WARNING * * *
You are feeling hungry.
You hit the hungry ghost.
The hungry ghost is severely damaged.
The hungry ghost hits you.
You die...

#..#.....## ... #.....#
##.#.....# #' #.. #.....#
#.......# #. #.# #.....#
#####'##...###.###.########......
.......# ................#......
.......# # #..................
.......# #..................
######....# #..................
........... #.@W†.............#
..............................##
..................?.............#
................##+######....(...
...... ......#. #........ ......
.....+. #........ ...... b... #.
#######.. ...... .... #. ##.
...... ##


You could see a hungry ghost and a bat (sleeping).

Vanquished Creatures
  A hound (D:3)
  An orc priest (D:3)
  Jessica (D:2)
  5 adders
  2 worms (D:2)
  4 dart slugs
  3 leopard geckos
  4 orcs (D:3)
  A giant cockroach (D:1)
  5 hobgoblins
  6 jackals
  A ball python (D:3)
  5 bats
  3 frilled lizards
  8 goblins
  7 kobolds
  4 rats
61 creatures vanquished.

Vanquished Creatures (collateral kills)
  A rat (D:3)
1 creature vanquished.

Grand Total: 62 creatures vanquished

Notes
Turn   | Place    | Note
-------+----------+-------------------------------------------
     0 | D:1      | Franakus the Octopode Assassin began the quest for the Orb.
     0 | D:1      | Reached XP level 1. HP: 14/14 MP: 1/1
   316 | D:1      | Reached XP level 2. HP: 6/19 MP: 2/2
   373 | D:1      | Reached skill level 6 in Stealth
   849 | D:1      | Reached XP level 3. HP: 10/24 MP: 3/3
  1420 | D:2      | Learned a level 2 spell: Sticks to Snakes
  1766 | D:2      | Noticed Jessica
  1792 | D:2      | Killed Jessica
  1792 | D:2      | Reached XP level 4. HP: 20/29 MP: 4/4
  1837 | D:2      | Reached skill level 7 in Stealth
  2203 | D:3      | Reached XP level 5. HP: 19/35 MP: 5/5
  2751 | D:3      | Found a shadowy altar of Dithmenos.
  2812 | D:3      | Noticed a hungry ghost
  2847 | D:3      | Slain by a hungry ghost

Skill      XL: |  1  2  3  4  5 |
---------------+----------------+-----
Stealth        | 6 7 |  7.5
Throwing       | 3 |  3.1
Dodging        | 2 |  2.1
Fighting       | |  2.5
Short Blades   | |  2.6
Spellcasting   | |  0.1
Transmutations | |  0.2

Action                   |  1- 3 |  4- 6 || total
-------------------------+-------+-------++-------
Melee: Dagger            |    25 |    89 ||   114
       Constrict         |    12 |    22 ||    34
       Short sword       |    30 |       ||    30
       Tentacles         |     6 |    14 ||    20
 Fire: Blowgun           |    19 |     9 ||    28
 Cast: Sticks to Snakes  |       |     3 ||     3
  Use: Scroll            |     6 |       ||     6
       Potion            |       |     2 ||     2
 Stab: Sleeping          |     6 |     4 ||    10
       Distracted        |       |     1 ||     1
  Eat: Chunk             |     3 |     4 ||     7
       Meat ration       |       |     1 ||     1
Armor: Skin              |     5 |     7 ||    12
Dodge: Dodged            |    29 |    52 ||    81
